 Dungeon Crawl Stone Soup version 0.31.0-11-ge490571c62 (webtiles) character file.

Game seed: 1534165384073143432

408 qw the Skirmisher (level 6, -3/36 HPs)
             Began as a Deep Elf Hunter on Feb 4, 2024.
             Slain by an ogre
             ... wielding a +0 giant club
              (34 damage)
             ... on level 4 of the Dungeon.
             The game lasted 00:00:10 (2477 turns).

qw the Skirmisher (Deep Elf Hunter)                 Turns: 2477, Time: 00:00:11

Health: -3/36      AC:  5    Str: 10    XL:     6   Next: 57%
Magic:  8/8        EV: 11    Int: 14    God:
Gold:   203        SH:  0    Dex: 18    Spells: 5/5 levels left

rFire   . . .        a - +2 shortbow
rCold   . . .        (shield currently unavailable)
rNeg    . . .        f - +0 ring mail
rPois   .            (no helmet)
rElec   .            (no cloak)
rCorr   .            (no gloves)
SInv    .            (no boots)
Will    .....        (no amulet)
Stlth   +            (no ring)
HPRegen 0.26/turn    (no ring)
MPRegen 0.11/turn

%: no passive effects
@: no status effects
A: no striking features
a: no special abilities


You were on level 4 of the Dungeon.
You visited 1 branch of the dungeon, and saw 4 of its levels.

You collected 203 gold pieces.


   Skills:
 - Level 2.6 Fighting
 + Level 9.9 Ranged Weapons
 - Level 2.4 Dodging
 - Level 1.2 Stealth


You had 5 spell levels left.
You didn't know any spells.
Your spell library was empty.

Inventory:

Hand Weapons
 a - a +2 shortbow (weapon)
Armour
 f - a +0 ring mail (worn)
 j - a +2 robe of cold resistance
Wands
 b - a wand of charming (10)
 h - a wand of light (1)
Scrolls
 d - a scroll of identify
Potions
 c - a potion of attraction {unknown}
 e - a potion of enlightenment
 g - a potion of ambrosia {unknown}
 i - a potion of lignification {unknown}

Dungeon Overview and Level Annotations

Branches:
Dungeon (4/15)
 Temple: D:4-7

Altars:
Cheibriados
The Shining One


Message History

There is an open door here.
You see here 8 stones.
Found a scroll of fear.
Enter note:
Enter note:
Enter note:
Enter note:
Enter note:
j - a +2 robe of cold resistance
Enter note:
Enter note: A jackal comes into view.
You shoot an arrow. The arrow hits the jackal.
The jackal barks!
The jackal is severely wounded.
You hear a shout!
An ogre comes into view. It is wielding a +0 giant club.
You shoot an arrow. The arrow hits the jackal!
You kill the jackal!
You shoot an arrow. The arrow barely misses the ogre.
A jackal comes into view.
You shoot an arrow. The arrow barely misses the ogre.
The arrow barely misses the jackal.
The jackal barks!
You shoot an arrow. The arrow hits the ogre.
The ogre is lightly wounded.
You shoot an arrow. The arrow barely misses the ogre.
You shoot an arrow. The arrow hits the ogre.
The ogre is moderately wounded.
The ogre hits you with a +0 giant club.
You shoot an arrow. The arrow hits the ogre.
The ogre is moderately wounded.
You shoot an arrow. The arrow hits the ogre.
The ogre is heavily wounded.
The ogre barely misses you. The jackal bites you.
You shoot an arrow. The arrow barely misses the ogre.
The jackal barely misses you.
The ogre hits you with a +0 giant club!!
Ouch! That really hurt!
You die...

##################
......h............
......O@..........
..##..##....##...# #.
##....##...# %.
#.....##...##..... .#
##....##...##..... .
.##.........##.....
.............##.....
#..............#.....
...##....##....#.....


You could see an ogre and a jackal.

Vanquished Creatures
  A water moccasin (D:4)
  An ogre (D:4)
  A scorpion (D:4)
  An iguana (D:4)
  7 adders
  A dart slug (D:1)
  An orc (D:3)
  4 bats
  3 endoplasms
  A giant cockroach (D:4)
  13 goblins
  7 hobgoblins
  3 jackals
  9 ball pythons
  2 frilled lizards
  9 kobolds
  A rat (D:2)
65 creatures vanquished.

Notes
Turn   | Place    | Note
-------+----------+-------------------------------------------
     0 | D:1      | qw the Deep Elf Hunter began the quest for the Orb.
     0 | D:1      | Reached XP level 1. HP: 12/12 MP: 3/3
     0 | D:1      | 0 ||| qw: Version: 0.3-a-160-g6735b56
     0 | D:1      | 0 ||| qw: Game counter: 4611
     0 | D:1      | 0 ||| qw: Melee chars always use a shield: true
     0 | D:1      | 0 ||| qw: God list: Okawaru
     0 | D:1      | 0 ||| qw: Allow faded altars: false
     0 | D:1      | 0 ||| qw: Do Orc after clearing Dungeon:15 true
     0 | D:1      | 0 ||| qw: Do second Lair branch before Depths: true
     0 | D:1      | 0 ||| qw: Lair rune preference: random
     0 | D:1      | 0 ||| qw: Goals: Normal
     0 | D:1      | 0 ||| PLANNING D:1-11
   102 | D:1      | Reached skill level 6 in Ranged Weapons
   102 | D:1      | Reached XP level 2. HP: 13/16 MP: 4/4
   432 | D:1      | 432 ||| READING scroll labelled MEOLEF RUASI.
   533 | D:1      | 533 ||| READING scroll labelled ZAFOLIOWIM.
   534 | D:1      | 534 ||| READING scroll labelled WOACUL SEWKAU.
   535 | D:1      | 535 ||| READING scroll labelled CUNAH HYTI QUCY.
   566 | D:1      | 566 ||| READING scroll labelled MUONYIFIOM.
   566 | D:1      | 566 ||| IDENTIFYING golden potion
   567 | D:1      | 567 ||| DROPPING scroll of butterflies.
   568 | D:1      | 568 ||| DROPPING potion of degeneration.
   605 | D:2      | Reached XP level 3. HP: 20/20 MP: 5/5
   749 | D:2      | Reached skill level 7 in Ranged Weapons
   865 | D:2      | Reached XP level 4. HP: 25/25 MP: 6/6
   968 | D:2      | Found a glowing golden altar of the Shining One.
  1446 | D:2      | 1446 ||| DROPPING amulet of magic regeneration.
  1447 | D:2      | 1447 ||| READING scroll labelled LEOTUX RUANE.
  1448 | D:2      | 1448 ||| READING 2 scrolls labelled APEACU AHIT.
  1448 | D:2      | 1448 ||| ENCHANTING +0 shortbow.
  1449 | D:2      | 1449 ||| READING scroll of enchant weapon.
  1449 | D:2      | 1449 ||| ENCHANTING +1 shortbow.
  1691 | D:3      | Found a snail-covered altar of Cheibriados.
  1711 | D:3      | Found a faded altar of an unknown god.
  1815 | D:3      | Reached skill level 8 in Ranged Weapons
  2036 | D:3      | 2036 ||| UPGRADING to +0 scale mail.
  2046 | D:3      | 2046 ||| DROPPING +0 leather armour.
  2047 | D:3      | 2047 ||| UPGRADING to +0 ring mail.
  2057 | D:3      | 2057 ||| DROPPING +0 scale mail.
  2058 | D:3      | 2058 ||| READING scroll of identify.
  2058 | D:3      | 2058 ||| IDENTIFYING metallic orange potion
  2059 | D:3      | 2059 ||| READING scroll labelled ALIEGO NITE.
  2116 | D:4      | Noticed a water moccasin
  2117 | D:4      | 2117 ||| ZAPPING wand of light (6) at 4,0 (water moccasin;
                  | floor).
  2118 | D:4      | 2118 ||| ZAPPING wand of light (5) at 3,0 (water moccasin;
                  | floor).
  2119 | D:4      | 2119 ||| ZAPPING wand of light (4) at 2,0 (water moccasin;
                  | floor).
  2119 | D:4      | Killed a water moccasin
  2120 | D:4      | Reached skill level 9 in Ranged Weapons
  2120 | D:4      | Reached XP level 5. HP: 28/29 MP: 7/7
  2171 | D:4      | Noticed an ogre
  2173 | D:4      | 2173 ||| ZAPPING wand of light (3) at 5,-1 (ogre; floor).
  2174 | D:4      | 2174 ||| ZAPPING wand of light (2) at 4,-1 (ogre; floor).
  2174 | D:4      | Killed an ogre
  2175 | D:4      | Reached XP level 6. HP: 36/36 MP: 8/8
  2477 | D:4      | Slain by an ogre

Levels and vault maps discovered:
D:1:      onia_arrival_handbag, layout_rooms
D:2:      cheibrodos_greedy_goblins, layout_basic, basic_altar
D:3:      layout_basic, mainiacjoe_overflow_chevrons,
          hellmonk_ecumenical_altar_blasted
D:4:      layout_gridville

Skill      XL: |  1  2  3  4  5 |
---------------+----------------+-----
Ranged Weapons | 6 7 9 |  9.9
Fighting       | 2 |  2.6
Dodging        | |  2.4
Stealth        | |  1.2

Action                     |  1- 3 |  4- 6 || total
---------------------------+-------+-------++-------
   Fire: Shortbow          |    85 |   107 ||   192
  Evoke: Wand              |       |     5 ||     5
    Use: Scroll            |     5 |     5 ||    10
 Armour: Leather armour    |    12 |    18 ||    30
         Ring mail         |       |    10 ||    10
  Dodge: Dodged            |    21 |    39 ||    60

Table legend:
 A = Non-vault XP
 B = Vault XP
 C = Vault XP percentage of total XP
 D = Non-vault monster count
 E = Vault monster count
 F = Vault count percentage of total count
                 A         B        C        D         E       F
            +---------+---------+-------+---------+---------+-------
      Total |     560 |      23 |   3.9 |      52 |      13 |  20.0
            +---------+---------+-------+---------+---------+-------
        D:1 |      23 |       5 |  17.9 |      14 |       4 |  22.2
        D:2 |      89 |      18 |  16.8 |      19 |       9 |  32.1
        D:3 |      16 |       0 |   0.0 |       9 |       0 |   0.0
        D:4 |     432 |       0 |   0.0 |      10 |       0 |   0.0
            +---------+---------+-------+---------+---------+-------
